 Dungeon Crawl Stone Soup version 0.23-a0-558-g30802b1 (webtiles) character file.

5809 zishaf the Nimble (level 10, 0/82 HPs)
             Began as a Merfolk Ice Elementalist on Dec 11, 2018.
             Was an Initiate of Fedhas.
             Killed from afar by Erica (6 damage)
             ... with a bolt of poison
             ... on level 10 of the Dungeon.
             The game lasted 00:27:14 (11077 turns).

zishaf the Nimble (Merfolk Ice Elementalist)       Turns: 11077, Time: 00:27:15

Health: 0/82       AC:  6    Str:  9    XL:     10   Next: 79%
Magic:  0/14       EV: 24    Int: 18    God:    Fedhas [......]
Gold:   514        SH:  0    Dex: 14    Spells: 11/15 levels left

rFire    . . .     SeeInvis .   b - +1 spear (freeze)
rCold    . . .     Gourm    .   (no shield)
rNeg     . . .     Faith    .   m - +0 robe
rPois    +         Spirit   +   t - +0 hat
rElec    .         Reflect  .   p - +2 cloak {rPois}
rCorr    .         Harm     .   (no gloves)
MR       +....                  w - +0 pair of boots
Stlth    ++........             A - amulet of guardian spirit
HPRegen  0.23/turn              o - +5 ring of evasion
MPRegen  0.14/turn              E - ring of protection from magic

@: lethally poisoned (0 -> -12), slowed, very slow
A: change form in water, swift swim, stealthy swim
a: Fungal Bloom, Renounce Religion


You were on level 10 of the Dungeon.
You worshipped Fedhas.
Fedhas was noncommittal.
You were very hungry.

You visited 2 branches of the dungeon, and saw 11 of its levels.

You collected 514 gold pieces.

Inventory:

Hand Weapons
 a - the +8 hunting sling "Ubao" {venom, +Blink}
   (You found it on level 10 of the Dungeon)

   It poisons the ammo it fires.
   It lets you blink.
 b - a +1 spear of freezing (weapon)
 q - a +0 scythe
 u - the cursed +0 long sword of Focus {drain, rElec, unknown}
   (You found it on level 10 of the Dungeon)

   A truly terrible weapon, it drains the life of those it strikes.
   It insulates you from electricity.
   It has a curse placed upon it.
Missiles
 P - 7 stones (quivered)
Armour
 m - a +0 robe (worn)
 p - a +2 cloak of poison resistance (worn)
 t - a +0 hat (worn)
 w - a +0 pair of boots (worn)
Jewellery
 o - a +5 ring of evasion (left hand)
 r - an uncursed ring of magical power
 A - an amulet of guardian spirit (around neck)
 B - an uncursed amulet of rage
 E - a ring of protection from magic (right hand)
 F - a +1 ring of protection
Wands
 f - a wand of flame (19)
 v - a wand of acid (9)
 y - a wand of enslavement (12)
 H - a wand of paralysis (24)
 J - a wand of scattershot (4)
Scrolls
 c - 11 scrolls of remove curse
 d - a scroll of magic mapping {unknown}
 g - 6 scrolls of teleportation
 s - 4 scrolls of immolation
 x - a scroll of blinking {unknown}
 C - a scroll of fog {unknown}
 D - 2 scrolls of enchant armour
 L - a scroll of silence {unknown}
 M - 2 scrolls of amnesia {unknown}
Potions
 h - 2 potions of brilliance
 i - 2 potions of magic {unknown}
 l - 3 potions of resistance
 n - 2 potions of mutation {unknown}
 z - a potion of cancellation
 G - 2 potions of lignification
 I - a potion of berserk rage {unknown}
 K - a potion of flight {unknown}
 O - 3 potions of agility {unknown}
Comestibles
 k - 14 rations


   Skills:
 + Level 8.5 Fighting
 + Level 10.2 Polearms
 + Level 10.6 Dodging
 - Level 2.1 Stealth
 - Level 3.1 Spellcasting
 - Level 2.1 Conjurations
 - Level 8.0 Ice Magic
 - Level 4.1 Invocations


You had 11 spell levels left.
You knew the following spells:

 Your Spells              Type           Power        Failure   Level  Hunger
a - Freeze                Ice            ####         1%          1    None
b - Throw Frost           Conj/Ice       ###...       3%          2    ##.....
c - Magic Dart            Conj           ##..         7%          1    None

Your spell library contained the following spells:

 Spells                   Type           Power        Failure   Level  Hunger
 Ozocubu's Armour         Chrm/Ice       ###.....     10%         3    ###....
 Throw Icicle             Conj/Ice       ###.....     21%         4    ####...
 Blink                    Tloc           N/A          24%         2    ##.....
 Call Imp                 Summ           #.......     24%         2    ##.....
 Slow                     Hex            #.......     24%         2    ##.....
 Conjure Flame            Conj/Fire      #.......     30%         3    ###....
 Summon Ice Beast         Ice/Summ       ###.....     30%         4    ####...
 Mephitic Cloud           Conj/Pois/Air  #.......     34%         3    ###....


Dungeon Overview and Level Annotations

Branches:
Dungeon (10/15)            Temple (1/1) D:5
   Lair: D:8-11         Orc: D:9-12

Altars:
Ashenzari
Cheibriados
Dithmenos
Elyvilon
Fedhas
Gozag
Hepliaklqana
Kikubaaqudgha
Makhleb
Nemelex Xobeh
Okawaru
Qazlal
Ru
Sif Muna
Uskayaw
Vehumet
Xom
Yredelemnul
Zin
The Shining One

Shops:
D:5 ?   D:10 }

Annotations:
D:10 2 transporters, Erica; Spaninq's ghost, journeyman DDMo


Message History

Erica casts a spell at you. The bolt of poison misses you.
The queen bee buzzes angrily.
Erica points at you and mumbles some strange words.
You resist with almost no effort. Erica gestures at you while chanting.
The bolt of poison hits you! You resist.
* * * LOW HITPOINT WARNING * * *
Erica gestures at you while chanting. You resist with almost no effort.
Erica mumbles some strange words.
Erica flickers and vanishes!
Deactivating autopickup; reactivate with Ctrl-A.
You hear some strange, mumbled words.
A bolt of poison appears from out of thin air!
The bolt of poison hits you!
You are lethally poisoned!
You resist.
You die...
Fedhas appreciates your contribution to the ecosystem.

..#.#.#..........# ...##
..#.#............# ..#..#
.##.##.#######+#.## y# #.##
.##.##..# #....# ### #..### #
.##)###.## #≈≈.# #...#...#...##
.##.###..#####≈≈.##..#..###W.#..#
.##.#.........[≈.###...#...#...##
###.#..........#..### #.yy..#####
....#..(.(......@.{#############.
#####..........###.......©.......
#..........# ########.##.####
#).........# #........##.#
#..........# #.......###.#
#..........# #.......'...#
#...)......# #.......#####
#..........# #.#######
#..........# #.#


There were no monsters in sight!

Vanquished Creatures
  Harold (D:10)
  Pikel (D:6)
  Maurice (D:10)
  A hippogriff (D:9)
  Sigmund (D:1)
  5 yaks (D:10)
  Eustachio (D:5)
  Menkaure (D:4)
  Duvessa (D:4)
  3 ice beasts
  A phantom (D:10)
  2 sky beasts (D:9)
  2 ogres
  A centaur (D:7)
  A hornet zombie (D:8)
  Blork the orc (D:6)
  5 bullfrogs
  Dowan (D:4)
  A scorpion (D:9)
  5 killer bees (D:10)
  3 howler monkeys
  7 crimson imps
  A bullfrog zombie (D:5)
  4 hounds
  Crazy Yiuf (D:3)
  2 centaur skeletons
  3 orc priests (D:4)
  2 bullfrog skeletons
  An iguana (D:4)
  Terence (D:2)
  3 worker ants
  2 orc wizards (D:4)
  A hell rat (D:8)
  A hound skeleton (D:8)
  13 adders
  15 gnolls
  2 river rats
  4 oozes
  An adder zombie (D:6)
  An adder skeleton (D:5)
  3 worms
  2 dart slugs
  4 leopard geckos
  13 orcs
  A ball python (D:9)
  10 bats
  3 giant cockroaches
  7 goblins
  9 hobgoblins
  19 jackals
  5 quokkas
  10 frilled lizards
  2 jackal skeletons
  A jackal zombie (D:6)
  5 kobolds
  7 rats
205 creatures vanquished.

Vanquished Creatures (others)
  A sky beast (D:6)
  A gnoll (D:3)
  30 toadstools
32 creatures vanquished.

Grand Total: 237 creatures vanquished

Notes
Turn   | Place    | Note
-------+----------+-------------------------------------------
     0 | D:1      | zishaf the Merfolk Ice Elementalist began the quest for the
                  | Orb.
     0 | D:1      | Reached XP level 1. HP: 13/13 MP: 3/3
    35 | D:1      | Reached skill level 1 in Fighting
    35 | D:1      | Reached XP level 2. HP: 21/21 MP: 0/5
    93 | D:1      | Learned a level 2 spell: Throw Frost
   341 | D:1      | Reached skill level 1 in Conjurations
   345 | D:1      | Reached XP level 3. HP: 22/26 MP: 0/6
  1112 | D:1      | Reached XP level 4. HP: 13/33 MP: 2/7
  1414 | D:2      | Noticed Sigmund
  1713 | D:1      | Killed Sigmund
  1713 | D:1      | Reached XP level 5. HP: 33/40 MP: 2/8
  1713 | D:1      | Reached XP level 6. HP: 38/46 MP: 2/9
  1918 | D:2      | Noticed Terence
  1924 | D:2      | Killed Terence
  1924 | D:2      | Reached skill level 1 in Polearms
  2123 | D:2      | Reached skill level 5 in Dodging
  2398 | D:1      | Reached skill level 5 in Ice Magic
  2924 | D:3      | Reached XP level 7. HP: 47/52 MP: 10/10
  3212 | D:3      | Found a white marble altar of Elyvilon.
  3297 | D:3      | Found a runed door.
  4056 | D:3      | Found a radiant altar of Vehumet.
  4057 | D:3      | Found a sparkling altar of Nemelex Xobeh.
  4130 | D:3      | Noticed Crazy Yiuf
  4137 | D:3      | Killed Crazy Yiuf
  4660 | D:4      | Noticed Duvessa
  4660 | D:4      | Noticed Dowan
  4672 | D:4      | Killed Duvessa
  4681 | D:4      | Killed Dowan
  4681 | D:4      | Reached XP level 8. HP: 56/61 MP: 7/11
  5428 | D:4      | Noticed Menkaure
  5446 | D:4      | Killed Menkaure
  5446 | D:4      | Reached skill level 5 in Fighting
  5446 | D:4      | Reached skill level 5 in Polearms
  5872 | D:5      | Entered Level 5 of the Dungeon
  5981 | D:5      | Found a staircase to the Ecumenical Temple.
  5992 | Temple   | Entered the Ecumenical Temple
  6374 | D:5      | Found Fem Obesch's Magic Scroll Shoppe.
  6574 | D:5      | Noticed Eustachio
  6596 | D:5      | Killed Eustachio
  6689 | D:6      | Noticed Blork the orc
  6699 | D:6      | Killed Blork the orc
  6817 | D:6      | Found a shadowy altar of Dithmenos.
  7145 | D:6      | Found a stormy altar of Qazlal.
  7257 | D:6      | Noticed Pikel
  7315 | D:6      | Killed Pikel
  7315 | D:6      | Reached XP level 9. HP: 37/69 MP: 2/12
  7443 | D:6      | Found a blossoming altar of Fedhas.
  7447 | D:6      | Became a worshipper of Fedhas Madash
  7687 | D:7      | Found a glowing silver altar of Zin.
  8085 | D:7      | Found an iron altar of Okawaru.
  8498 | D:8      | Noticed a two-headed ogre
  8702 | D:8      | Noticed a death yak
  8702 | D:8      | Noticed a death yak
  9023 | D:8      | Reached skill level 1 in Invocations
  9028 | D:8      | Noticed a death yak
  9520 | D:9      | Reached XP level 10. HP: 74/79 MP: 14/14
  9536 | D:9      | Learned a level 1 spell: Magic Dart
  9712 | D:9      | Found a burning altar of Makhleb.
  9757 | D:10     | Entered Level 10 of the Dungeon
 10015 | D:10     | Got a scorched hunting sling
 10016 | D:10     | Identified the +8 hunting sling "Ubao" {venom, +Blink} (You
                  | found it on level 10 of the Dungeon)
 10081 | D:10     | Noticed Maurice
 10087 | D:10     | Paralysed by Maurice for 6 turns
 10234 | D:10     | Found Cagogrura's Gadget Boutique.
 10598 | D:10     | Paralysed by something for 4 turns
 10702 | D:10     | Killed Maurice
 10702 | D:10     | Reached skill level 10 in Dodging
 10734 | D:10     | Noticed Harold
 10751 | D:10     | Paralysed by Harold for 2 turns
 10771 | D:10     | Killed Harold
 10771 | D:10     | Reached skill level 10 in Polearms
 10994 | D:10     | Got a fine long sword
 10995 | D:10     | Noticed Erica
 10996 | D:10     | Found a transporter.
 10996 | D:10     | Found a transporter.
 11070 | D:10     | HP: 3/82 [Erica/bolt of poison (6)]
 11070 | D:10     | Noticed Spaninq's ghost (journeyman DDMo)
 11077 | D:10     | Killed from afar by Erica

Vault maps used:
D:1:      dpeg_arrival_windows_large_door
D:2:      uniq_terence, uniq_sigmund
D:3:      lemuel_doored_altar, nicolae_overflow_hidden_temple, st_stairs_11,
          uniq_crazy_yiuf_cottage
D:4:      first_ration, minmay_misc_feat_four_crosses, hangedman_feature_mirror,
          uniq_menkaure, uniq_duvessa
D:5:      minmay_temple_entry_wispy, serial_rivers,
          chequers_serial_rivers_micro_e, chequers_serial_rivers_micro_c,
          chequers_serial_rivers_micro_c, chequers_serial_rivers_small_3,
          chequers_serial_rivers_micro_d, chequers_serial_rivers_micro_b,
          serial_shops, nicolae_shop_temple_entry_statues_fountains,
          minmay_misc_feat_diagonals, dk_noncrumbling_4, uniq_eustachio
D:6:      nicolae_qazlal_eye_of_the_storm, lemuel_crystal_altar, basic_altar,
          uniq_pikel, uniq_blork_the_orc
D:7:      old_standard_altar, lemuel_coloured_pillars_altar
D:8:      lemuel_round_altar, dpeg_lair_monsters, gammafunk_ghost_mausoleum,
          grunt_ogre_cave
D:9:      makhleb_heckhound_becter
D:10:     cheibrodos_elevator_heist, serial_shops, shop, gammafunk_ghost_hive,
          uniq_harold, uniq_maurice, uniq_erica
Temple:   minmay_temple_bridge_abc

Skill      XL: |  1  2  3  4  5  6  7  8  9 10 |
---------------+-------------------------------+-----
Fighting       | 1 2 3 4 6 7 8 |  8.5
Dodging        | 3 4 5 6 8 9 10 | 10.6
Conjurations   | 1 2 |  2.1
Ice Magic      | 4 5 7 8 |  8.0
Polearms       | 2 4 7 8 10 | 10.2
Invocations    | 2 4 |  4.1
Spellcasting   | 3 |  3.1
Stealth        | |  2.1

Action                   |  1- 3 |  4- 6 |  7- 9 | 10-12 || total
-------------------------+-------+-------+-------+-------++-------
Melee: Unarmed           |     8 |    12 |       |       ||    20
       Scythe            |       |    48 |       |       ||    48
       Spear             |       |    26 |   460 |    70 ||   556
       Tailslap          |       |       |     1 |       ||     1
 Fire: Hunting sling     |       |       |       |    36 ||    36
 Cast: Freeze            |    63 |    72 |   163 |    86 ||   384
       Throw Frost       |       |     4 |    13 |     1 ||    18
Invok: Fungal Bloom      |       |       |     8 |     5 ||    13
  Use: Scroll            |       |       |    12 |       ||    12
       Potion            |       |       |     1 |     3 ||     4
 Stab: Sleeping          |       |     5 |    11 |     2 ||    18
       Distracted        |       |     1 |     2 |     2 ||     5
  Eat: Chunk             |     1 |     5 |    16 |     2 ||    24
       Ration            |       |     1 |     3 |       ||     4
Armor: Robe              |    15 |    10 |    66 |    15 ||   106
       Skin              |       |       |    32 |       ||    32
Dodge: Dodged            |    71 |   140 |   424 |   125 ||   760

Table legend:
 A = Non-vault XP
 B = Vault XP
 C = Vault XP percentage of total XP
 D = Non-vault monster count
 E = Vault monster count
 F = Vault count percentage of total count
                 A         B        C        D         E       F
            +---------+---------+-------+---------+---------+-------
      Total |    5073 |    3226 |  38.9 |     184 |      22 |  10.7
            +---------+---------+-------+---------+---------+-------
        D:1 |      88 |     220 |  71.4 |      38 |       1 |   2.6
        D:2 |     259 |      36 |  12.2 |      33 |       1 |   2.9
        D:3 |     156 |      74 |  32.2 |      30 |       5 |  14.3
        D:4 |     304 |     407 |  57.2 |      15 |       3 |  16.7
        D:5 |     215 |     196 |  47.7 |      11 |       1 |   8.3
        D:6 |     362 |     741 |  67.2 |      14 |       2 |  12.5
        D:7 |     522 |      15 |   2.8 |      11 |       2 |  15.4
        D:8 |     294 |      50 |  14.5 |       5 |       4 |  44.4
        D:9 |    1038 |      42 |   3.9 |      11 |       1 |   8.3
       D:10 |    1835 |    1445 |  44.1 |      16 |       2 |  11.1
            +---------+---------+-------+---------+---------+-------
